AoeStats
← kentttt

Fortress

510073665Analyzed
3v3 RM · 4d ago on Sep 29, 2026· 36m 3s· 6 players
Game mode
Random Map
Map size
Large (8 player)
Population
200
Speed
Normal
Resources
Standard
Victory
Conquest
Starting age
Dark Age
Ending age
Imperial Age
RankedLock teamsTeams togetherTeam positionsShared explorationLock speedFull tech treeHidden civsTurbo modeCheats
Victory
Defeat
🇨🇳 Varangians · China
982
+45
🇨🇳 Saxons · China
928
+18
🇨🇳 Tatars · China
863
+21
🇹🇷 Wu · Türkiye
981
-19
🇳🇴 Magyars · Norway
981
-19
🇨🇳 Persians · China
940
-17
Market Blockers
8:25 Feudal Age
9:20 Double-Bit Axe
12:02 Castle Age
9:46 Horse Collar
11:35 Wheelbarrow
13:01 Bow Saw
13:29 Heavy Plow
13:31 Loom
25:43 Imperial Age
23:42 Forging
23:32 Scale Mail Armor
23:29 Gold Mining
24:26 Hand Cart
23:56 Town Watch
24:10 Town Watch
25:18 Gold Shaft Mining
24:33 Gambesons
24:48 Squires
24:35 Arson
25:58 Iron Casting
25:39 Chain Mail Armor
25:53 Elite Varangian Guard
26:34 Stone Mining
28:05 Plate Mail Armor
27:06 Capped Ram
31:58 Siege Ram
34:29 Shield Wall
35:30 Conscription
Tamerlane
7:30 Feudal Age
8:58 Double-Bit Axe
11:32 Castle Age
10:16 Horse Collar
12:33 Bow Saw
14:07 Heavy Plow
16:02 Loom
17:32 Wheelbarrow
19:26 Stone Mining
21:06 Town Watch
22:05 Treadmill Crane
22:43 Hand Cart
22:33 Gold Mining
27:03 Imperial Age
25:14 Forging
25:10 Scale Barding Armor
25:41 Silk Armor
27:03 Iron Casting
27:15 Chain Barding Armor
26:57 Husbandry
27:08 Bloodlines
27:40 Ballistics
27:16 Murder Holes
27:24 Elite Keshik
28:28 Conscription
29:06 Plate Barding Armor
29:55 Blast Furnace
30:47 Chemistry
29:39 Fletching
29:50 Padded Archer Armor
29:47 Elite Skirmisher
30:26 Bodkin Arrow
30:27 Light Cavalry
31:24 Leather Archer Armor
31:49 Bracer
31:55 Siege Engineers
32:02 Timurid Siegecraft
33:13 Ring Archer Armor
33:06 Heavy Cavalry Archer
34:49 Masonry
kentttt
3:40 Loom
8:56 Feudal Age
10:02 Horse Collar
10:09 Double-Bit Axe
12:57 Castle Age
12:07 Scale Mail Armor
12:18 Forging
13:27 Wheelbarrow
12:39 Town Watch
14:11 Bow Saw
19:34 Squires
19:35 Loom
20:06 Hand Cart
21:10 Chain Mail Armor
23:49 Iron Casting
23:47 Heavy Plow
33:29 Imperial Age
31:00 Town Patrol
33:34 Gold Mining
33:35 Stone Mining
33:37 Elite Jarl
34:38 Conscription
35:01 Scale Barding Armor
35:57 Blast Furnace
36:48 Two-Man Saw
36:20 Crop Rotation
jens
7:01 Feudal Age
7:18 Loom
7:50 Double-Bit Axe
10:03 Scale Barding Armor
12:53 Castle Age
12:50 Scale Barding Armor
12:41 Gold Mining
12:35 Horse Collar
14:06 Corvinian Army
16:08 Heavy Plow
19:16 Gold Shaft Mining
25:11 Chain Barding Armor
27:48 Stone Mining
28:13 Bow Saw
31:49 Thumb Ring
31:56 Bloodlines
31:47 Husbandry
36:27 Imperial Age
34:21 Fletching
Morias1stt
9:54 Feudal Age
8:10 Loom
14:52 Castle Age
12:49 Double-Bit Axe
12:59 Gold Mining
12:51 Horse Collar
14:28 Padded Archer Armor
14:19 Fletching
14:32 Scale Mail Armor
14:44 Forging
17:08 Bodkin Arrow
20:34 Wheelbarrow
20:24 Pikeman
27:23 Imperial Age
25:56 Hand Cart
25:27 Town Watch
26:07 Ballistics
26:09 Masonry
26:22 Squires
28:14 Bow Saw
28:19 Murder Holes
29:40 Conscription
30:13 Elite Fire Archer
30:51 Halberdier
34:45 Leather Archer Armor
34:31 Bracer
34:58 Light Cavalry
36:31 Bloodlines
GTX-5090
8:42 Feudal Age
7:37 Loom
9:03 Town Watch
9:05 Double-Bit Axe
9:02 Horse Collar
9:16 Gold Mining
9:17 Stone Mining
10:08 Wheelbarrow
15:48 Castle Age
17:15 Heavy Plow
18:19 Hand Cart
18:32 Fervor
23:34 Masonry
23:20 Murder Holes
24:03 Caravan
26:35 Forging
26:30 Scale Barding Armor
26:18 Fletching
30:07 Imperial Age
28:04 Husbandry
28:15 Bloodlines
27:26 Light Cavalry
29:02 Town Patrol
29:40 Iron Casting
29:10 Scale Barding Armor
29:01 Bodkin Arrow
30:16 Ballistics
29:52 Murder Holes
30:57 Citadels
31:07 Conscription
30:11 Cavalier
31:29 Iron Casting
30:59 Scale Barding Armor
32:02 Bodkin Arrow
33:05 Hoardings
33:34 Hoardings
Connection lost

Rejoining the realm…

Still unreachable

The connection could not be restored.

Session expired

The server has moved on; the page needs a fresh start.